 Dungeon Crawl Stone Soup version 0.22.0-49-gab54619674 (webtiles) character file.

524481 Peloso the Minotaur Barricade (level 24, -7/253 HPs)
             Began as a Minotaur Fighter on Sept 5, 2018.
             Was the Champion of Okawaru.
             Mangled by a deep troll (9 damage)
             ... on level 3 of the Depths on Sept 6, 2018.
             The game lasted 04:17:13 (68015 turns).

Peloso the Minotaur Barricade (Minotaur Fighter)   Turns: 68015, Time: 04:17:14

Health: -7/253     AC: 39    Str: 36    XL:     24   Next: 22%
Magic:  32/32      EV: 10    Int: -4 (5) God:    Okawaru [******]
Gold:   4769       SH: 38    Dex: 20    Spells: 23/23 levels left

rFire    + . .     SeeInvis .   a - +7 double sword (flame)
rCold    + . .     Gourm    .   X - +8 large shield "Qoboec" {rC+ rN+ MR- rCorr}
rNeg     + . .     Faith    .   z - +13 crystal plate armour "Yrphiamo" {rF+}
rPois    +         Spirit   .   l - -1 hat "Voyx" {MR+ Str+2} (curse)
rElec    .         Reflect  .   R - +0 cloak {MR+}
rCorr    +         Harm     .   y - +1 pair of gloves {Dex+3}
MR       ++...                  I - +1 pair of boots {Fly}
Stlth    ..........             p - amulet of Vitality {Regen+ HP+15}
HPRegen  0.92/turn              C - ring "Hurol" {MP+9 Str+4 Dex+4}
MPRegen  0.23/turn              n - ring of poison resistance

@: flying, starving, slowed, lost intelligence, very slow
A: retaliatory headbutt, horns 2, deformed body, deterioration 1
}: 3/15 runes: decaying, silver, gossamer
a: Heroism, Finesse, Renounce Religion, Stop Flying


You were on level 3 of the Depths.
You worshipped Okawaru.
Okawaru was exalted by your worship.
You were starving.

You visited 8 branches of the dungeon, and saw 42 of its levels.
You visited the Abyss 2 times.
You also visited: Labyrinth, Sewer, Ossuary and Ice Cave.

You collected 6213 gold pieces.
You spent 1444 gold pieces at shops.

Inventory:

Hand Weapons
 a - a +7 double sword of flaming (weapon)
 b - the +10 falchion "Evvosil" {flame, rElec MR+ Dex+3}
   (Okawaru gifted it to you on level 15 of the Dungeon)

   It has been specially enchanted to burn those struck by it, causing extra
   injury to most foes and up to half again as much damage against particularly
   susceptible opponents.
   Big, fiery blades are also staple armaments of hydra-hunters.
   It affects your dexterity (+3).
   It insulates you from electricity.
   It affects your resistance to hostile enchantments.
 M - the +7 lajatang of Order {silver, rMut}
   (You took it off a vault warden on level 5 of the Vaults)

   It protects you from mutation.
Armour
 l - the cursed -1 hat "Voyx" (worn) {MR+ Str+2}
   (You found it on level 1 of the Elven Halls)

   It affects your strength (+2).
   It affects your resistance to hostile enchantments.
   It has a curse placed upon it.
 y - a +1 pair of gloves of dexterity (worn)
 z - the +13 crystal plate armour "Yrphiamo" (worn) {rF+}
   (Okawaru gifted it to you on level 1 of the Orcish Mines)

   It protects you from fire.
 I - a +1 pair of boots of flying (worn)
 L - a +2 hat of magic resistance
 R - a +0 cloak of magic resistance (worn)
 W - a +2 cloak of poison resistance
 X - the +8 large shield "Qoboec" (worn) {rC+ rN+ MR- rCorr}
   (Okawaru gifted it to you on level 5 of the Lair of Beasts)

   It protects you from cold.
   It protects you from negative energy.
   It affects your resistance to hostile enchantments.
   It provides partial protection from all sources of acid and corrosion.
Jewellery
 g - an uncursed amulet of the gourmand
 n - a ring of poison resistance (right hand)
 p - the amulet of Vitality (around neck) {Regen+ HP+15}
   (You took it off a deep elf annihilator on level 3 of the Elven Halls)

   [amulet of regeneration]

   It affects your health (+15).
   It increases your rate of regeneration.
 r - a +4 amulet of reflection
 v - an uncursed ring of protection from fire
 C - the ring "Hurol" (left hand) {MP+9 Str+4 Dex+4}
   (You took it off a deep elf high priest on level 5 of the Vaults)

   [ring of magical power]

   It affects your strength (+4).
   It affects your dexterity (+4).
   It affects your magic capacity (+9).
 N - an uncursed ring of see invisible
 V - an uncursed ring of protection from magic
Wands
 s - a wand of digging (24)
Scrolls
 h - 3 scrolls of summoning
 j - 3 scrolls of teleportation
 t - 3 scrolls of blinking
 x - 8 scrolls of magic mapping
 A - 20 scrolls of identify
 G - 3 scrolls of noise
 K - 18 scrolls of remove curse
 P - 6 scrolls of fear
Potions
 e - 11 potions of heal wounds
 k - 2 potions of mutation
 m - 19 potions of curing
 q - 6 potions of resistance
 u - 12 potions of might
 w - 9 potions of agility
 E - 5 potions of berserk rage
 J - 6 potions of haste
 O - 3 potions of invisibility
Comestibles
 f - 83 rations


   Skills:
 + Level 24.2 Fighting
 + Level 24.5 Long Blades
   Level 1.8 Axes
 + Level 20.6 Armour
 + Level 2.5 Dodging
 + Level 2.6 Stealth
 O Level 27 Shields
 + Level 2.3 Invocations
 + Level 2.4 Evocations


You had 23 spell levels left.
You didn't know any spells.
Your spell library contained the following spells:

 Spells                   Type           Power        Failure   Level  Hunger
 Apportation              Tloc           #.....       99%         1    ##.....
 Confusing Touch          Hex            #.....       99%         1    ##.....
 Corona                   Hex            #......      99%         1    ##.....
 Magic Dart               Conj           #...         99%         1    ##.....
 Shock                    Conj/Air       #...         99%         1    ##.....
 Summon Butterflies       Summ           #.......     99%         1    ##.....
 Summon Small Mammal      Summ           #...         99%         1    ##.....
 Call Imp                 Summ           #.......     100%        2    ###....
 Corpse Rot               Necr           N/A          100%        2    ###....
 Ensorcelled Hibernation  Hex/Ice        #.....       100%        2    ###....
 Passwall                 Tmut/Erth      #.......     100%        2    ###....
 Searing Ray              Conj           #.....       100%        2    ###....
 Slow                     Hex            #.......     100%        2    ###....
 Swiftness                Chrm/Air       #.......     100%        2    ###....
 Throw Flame              Conj/Fire      #.....       100%        2    ###....
 Call Canine Familiar     Summ           #.......     100%        3    ####...
 Confuse                  Hex            #.......     100%        3    ####...
 Conjure Flame            Conj/Fire      #.......     100%        3    ####...
 Dazzling Spray           Conj/Hex       #.....       100%        3    ####...
 Gell's Gravitas          Tloc           #.........   100%        3    ####...
 Ignite Poison            Fire/Tmut/Pois #.......     100%        3    ####...
 Inner Flame              Hex/Fire       #.......     100%        3    ####...
 Lesser Beckoning         Tloc           #.........   100%        3    ####...
 Portal Projectile        Hex/Tloc       #.....       100%        3    ####...
 Static Discharge         Conj/Air       #.......     100%        3    ####...
 Stone Arrow              Conj/Erth      #.....       100%        3    ####...
 Summon Guardian Golem    Hex/Summ       #.......     100%        3    ####...
 Teleport Other           Tloc           #.......     100%        3    ####...
 Tukima's Dance           Hex            #.......     100%        3    ####...
 Airstrike                Air            #.........   100%        4    #####..
 Animate Dead             Necr           N/A          100%        4    #####..
 Cause Fear               Hex            #.........   100%        4    #####..
 Force Lance              Conj/Tloc      #.......     100%        4    #####..
 Fulminant Prism          Conj/Hex       #.........   100%        4    #####..
 Iskenderun's Mystic Bla  Conj           #.......     100%        4    #####..
 Leda's Liquefaction      Hex/Erth       #.........   100%        4    #####..
 Passage of Golubria      Tloc           N/A          100%        4    #####..
 Petrify                  Tmut/Erth      #.......     100%        4    #####..
 Summon Ice Beast         Ice/Summ       #.......     100%        4    #####..
 Summon Lightning Spire   Summ/Air       #.......     100%        4    #####..
 Alistair's Intoxication  Tmut/Pois      #.......     100%        5    ######.
 Aura of Abjuration       Summ           #.........   100%        5    ######.
 Bolt of Draining         Conj/Necr      #.........   100%        5    ######.
 Bolt of Magma            Conj/Fire/Erth #.........   100%        5    ######.
 Dispel Undead            Necr           #.......     100%        5    ######.
 Fireball                 Conj/Fire      #.........   100%        5    ######.
 Lee's Rapid Deconstruct  Erth           #.........   100%        5    ######.
 Lightning Bolt           Conj/Air       #.........   100%        5    ######.
 Metabolic Englaciation   Hex/Ice        #.........   100%        5    ######.
 Silence                  Hex/Air        #.........   100%        5    ######.
 Summon Demon             Summ           #.........   100%        5    ######.
 Summon Forest            Summ/Tloc      #.........   100%        5    ######.
 Summon Mana Viper        Hex/Summ       #.......     100%        5    ######.
 Yara's Violent Unravell  Hex/Tmut       #.........   100%        5    ######.
 Bolt of Fire             Conj/Fire      #.........   100%        6    #######
 Conjure Ball Lightning   Conj/Air       #.........   100%        6    #######
 Darkness                 Hex            #.........   100%        6    #######
 Deflect Missiles         Chrm/Air       #.........   100%        6    #######
 Dispersal                Tloc           #.........   100%        6    #######
 Hydra Form               Tmut           #.........   100%        6    #######
 Invisibility             Hex            #.......     100%        6    #######
 Iron Shot                Conj/Erth      #.........   100%        6    #######
 Shadow Creatures         Summ           N/A          100%        6    #######
 Simulacrum               Ice/Necr       #.........   100%        6    #######
 Statue Form              Tmut/Erth      #........    100%        6    #######
 Malign Gateway           Summ/Tloc      #.........   100%        7    #######
 Monstrous Menagerie      Summ           #.........   100%        7    #######
 Spellforged Servitor     Conj/Summ      #.........   100%        7    #######
 Summon Greater Demon     Summ           #.........   100%        7    #######
 Summon Hydra             Summ           #.........   100%        7    #######
 Ignition                 Fire           #.........   100%        8    #######
 Summon Horrible Things   Summ           #.........   100%        8    #######
 Shatter                  Erth           #.........   100%        9    #######
 Tornado                  Air            #.........   100%        9    #######


Dungeon Overview and Level Annotations

Branches:
Dungeon (15/15)            Temple (0/1) D:5            Lair (6/6) D:9
  Swamp (4/4) Lair:4       Spider (4/4) Lair:4        Slime (0/5) Lair:5
    Orc (2/2) D:9             Elf (3/3) Orc:2        Vaults (5/5) D:14
  Crypt (0/3) Vaults:2     Depths (3/5) D:15

Altars:
Ashenzari
Dithmenos
Gozag
Hepliaklqana
Okawaru
Qazlal
Ru
Sif Muna
Uskayaw
Vehumet
Xom
Yredelemnul
Zin
The Shining One
Beogh

Shops:
D:6 ?   D:8 (   D:9 *   Orc:2 !*[*   Elf:2 }

Portals:
Hell: Depths:1 Depths:2
Ziggurat: Depths:1
Trove: Vaults:2 (give horn of Geryon)


Innate Abilities, Weirdness & Mutations

You reflexively headbutt those who attack you in melee.
You have a pair of horns on your head.
Armour fits poorly on your strangely shaped body.
Your body sometimes deteriorates upon taking damage.


Message History

You block the iron troll's attack. The iron troll claws you.
* * * LOW HITPOINT WARNING * * *
There is a stone staircase leading up here.
You block the deep troll shaman's attack. x3
The deep troll bites you!
* * * LOW HITPOINT WARNING * * *
The deep troll claws you but does no damage.
You block the deep troll's attack. The iron troll bites you!!!
* * * LOW HITPOINT WARNING * * *
The iron troll claws you but does no damage.
The iron troll claws you!
* * * LOW HITPOINT WARNING * * *
The deep troll shaman bites you.
* * * LOW HITPOINT WARNING * * *
The deep troll shaman claws you but does no damage. x2
The deep troll bites you!
* * * LOW HITPOINT WARNING * * *
The deep troll claws you but does no damage.
The deep troll claws you!
You die...

.......≈.......
≈≈....≈≈§≈.≈.≈.
≈≈.>.?.....≈≈≈
.........#.≈♣
...>.......≈♣ .
......[[..≈≈♣♣♣≈.
#.....≈≈≈≈≈.
#..TTT≈≈≈..≈
#..T@≈≈≈≈≈≈.
#....≈≈♣♣♣≈.
#....≈≈♣ #.....≈♣
#.....≈≈
#$...≈≈≈.
.....≈≈≈≈≈
....##≈≈♣♣♣≈


You could see an iron troll, a deep troll and 2 deep troll shamans.

Vanquished Creatures
  the Lernaean hydra (Swamp:4)
  Saint Roka (Vaults:4)
  2 golden dragons
  Nikola (Swamp:1)
  Jory (Vaults:2)
  A profane servitor (Abyss:4)
  The ghost of Azzok the Stormcaller, an adept DsFi of Cheibriados (Vaults:3)
  A lich (Vaults:4)
  3 tentacled monstrosities (Vaults:4)
  Rupert (Orc:1)
  2 deep elf blademasters (Elf:3)
  3 titans
  A thorn hunter (Swamp:2)
  3 sphinxes
  2 tentacled starspawn (Abyss:3)
  Frances (Swamp:1)
  3 quicksilver dragons
  6 shadow dragons
  A shadow dragon (shapeshifter) (Vaults:3)
  Agnes (Spider:4)
  4 storm dragons
  8 tengu reavers
  Kirke (Spider:4)
  Roxanne (Spider:4)
  The ghost of Jaim the Severer, a journeyman MiBe of Trog (D:15)
  An orc warlord (Orc:1)
  3 ghost moths
  12 deep elf sorcerers
  6 fire giants
  A frost giant (D:15)
  The ghost of yann the Spry, an adept KoCK of Xom (Swamp:3)
  19 vault wardens
  10 emperor scorpions
  A cacodemon (Abyss:3)
  2 iron dragons (Vaults:4)
  A ghoul (Vaults:1)
  Louise (D:14)
  13 ironheart preservers
  12 very ugly things
  13 stone giants
  A war gargoyle (Vaults:5)
  2 deep elf elementalists (Elf:3)
  7 entropy weavers
  5 deep elf demonologists
  A minotaur (Lab)
  7 spark wasps
  12 deep elf annihilators
  12 deep elf death magi
  9 ettins
  8 fire dragons
  Josephine (D:15)
  Snorg (Orc:2)
  2 crystal guardians (Vaults:4)
  9 great orbs of eyes
  Erolcha (D:12)
  13 yaktaur captains
  3 jiangshi
  3 rakshasas
  7 deep elf high priests
  32 vault guards
  6 ice dragons
  A spriggan air mage (Depths:2)
  21 hydras
  A ghost crab (Swamp:3)
  A catoblepas (Lair:5)
  A naga warrior (Abyss:3)
  8 centaur warriors
  14 alligators
  3 death knights
  26 two-headed ogres
  7 ogre magi
  A queen ant (Spider:4)
  3 death yaks (Lair:6)
  A two-headed ogre (shapeshifter) (Vaults:5)
  4 deep troll shamans
  Urug (Orc:2)
  28 dancing weapons
  4 tengu warriors
  8 deep troll earth magi
  4 thrashing horrors (Abyss:3)
  2 spriggans
  2 vampire magi
  7 orc high priests
  21 deep elf knights
  A spriggan berserker (D:15)
  16 skeletal warriors
  A wretched star (Abyss:4)
  Sonja (Lair:4)
  A sixfirhy (Abyss:3)
  A shadow wraith (Vaults:2)
  3 iron trolls
  18 deep trolls
  3 flayed ghosts
  2 shadow demons (Elf:2)
  5 unseen horrors
  6 glowing orange brains
  8 swamp dragons
  2 shambling mangroves
  A tengu zombie (Vaults:4)
  4 phantasmal warriors
  14 deep elf archers
  18 ironbrand convokers
  6 necromancers
  20 orc knights
  A shadow dragon zombie (Vaults:4)
  A harpy (shapeshifter) (Vaults:1)
  4 wizards
  14 orb spiders
  12 orc sorcerers
  6 cyclopes
  An orb spider (shapeshifter) (Depths:1)
  2 lindwurms (Lair:6)
  A frost giant zombie (Depths:1)
  30 ugly things
  73 deep elf magi
  40 wolf spiders
  2 worldbinders (Abyss:3)
  A human zombie (Vaults:5)
  A fire giant zombie (Vaults:5)
  2 moths of wrath
  20 elephants (Lair:6)
  6 black mambas
  2 ice statues (IceCv)
  A guardian serpent (Abyss:3)
  A centaur zombie (D:15)
  A rust devil (Abyss:3)
  18 eyes of devastation (Depths:2)
  20 vault sentinels
  7 torpor snails
  A smoke demon (Abyss:3)
  19 spiny frogs
  An elf zombie (Vaults:5)
  A komodo dragon (shapeshifter) (Vaults:4)
  6 rime drakes
  2 orange demons
  7 freezing wraiths
  2 kobold demonologists (Elf:2)
  4 efreet
  15 demonic crawlers
  47 yaktaurs
  3 tengu conjurers
  6 komodo dragons
  3 ancient zymes
  A hellwing (Abyss:2)
  A jumping spider (shapeshifter) (Vaults:4)
  A polar bear (shapeshifter) (D:14)
  8 ice devils (IceCv)
  A yaktaur skeleton (Vaults:3)
  41 jumping spiders
  A meliai (shapeshifter) (Vaults:5)
  6 polar bears
  A merfolk (shapeshifter) (Vaults:1)
  A troll (shapeshifter) (Elf:3)
  11 trolls
  3 meliai (D:15)
  A hornet (shapeshifter) (Vaults:3)
  A tyrant leech (shapeshifter) (Vaults:5)
  22 hornets
  A raiju (shapeshifter) (Vaults:5)
  27 slime creatures
  10 hippogriffs
  6 tyrant leeches
  7 bog bodies
  A fire giant simulacrum (Depths:1)
  An ettin zombie (Abyss:2)
  A raiju (Abyss:2)
  15 blink frogs
  A stone giant simulacrum (Depths:1)
  A meliai zombie (D:13)
  A spriggan (shapeshifter) (Vaults:3)
  Sigmund (D:3)
  8 large abominations (Abyss:3)
  4 shadows
  90 redbacks
  3 wyverns
  An ettin skeleton (Depths:1)
  6 water elementals
  27 yaks
  27 tarantellas
  7 wraiths
  A vampire (D:15)
  2 ynoxinuls
  A human (shapeshifter) (Vaults:1)
  A golden eye (shapeshifter) (Vaults:5)
  16 humans
  4 hungry ghosts
  19 vampire mosquitoes
  3 golden eyes (Depths:2)
  4 basilisks
  A hog (shapeshifter) (Vaults:5)
  2 neqoxecs (Abyss:3)
  2 fire elementals (Elf:1)
  5 chaos spawn
  A steam dragon (shapeshifter) (Abyss:3)
  3 steam dragons
  Eustachio (D:6)
  4 hogs
  A deep troll zombie (Vaults:4)
  7 wargs
  3 nagas (Abyss:3)
  5 soldier ants
  15 swamp worms
  14 insubstantial wisps (Swamp:1)
  3 hydra simulacra (Swamp:3)
  Duvessa (D:7)
  A floating eye (D:10)
  10 hell hounds (Abyss:3)
  10 porcupines
  11 water moccasins
  4 acid dragons
  63 orc warriors
  13 swamp drakes
  4 ice beasts
  7 sky beasts
  6 black bears
  2 eyes of draining
  26 ogres
  4 phantoms
  5 boggarts
  An ettin simulacrum (Vaults:5)
  44 wolves
  A centaur (shapeshifter) (Vaults:3)
  13 centaurs
  14 crocodiles
  2 big kobolds
  A crocodile (shapeshifter) (Vaults:4)
  A spriggan simulacrum (Swamp:3)
  14 bullfrogs
  A human skeleton (Vaults:3)
  3 earth elementals
  Dowan (D:7)
  A wyvern skeleton (D:10)
  4 scorpions
  4 killer bees
  5 wights (D:11)
  4 howler monkeys
  An electric eel (D:9)
  12 small abominations
  A draconian simulacrum (IceCv)
  2 bullfrog zombies
  11 crimson imps
  A quasit (Abyss:4)
  13 starcursed masses (Abyss:3)
  6 centaur skeletons
  A human simulacrum (Vaults:5)
  6 hounds
  6 jellies
  38 orc priests
  Crazy Yiuf (D:5)
  2 iron imps (Abyss:3)
  27 orc wizards
  2 bullfrog skeletons
  Ijyb (D:3)
  Natasha (thrice) (D:2 D:3)
  5 iguanas
  21 worker ants
  A spectral swamp drake (Swamp:3)
  3 polar bear simulacra (D:15)
  3 troll simulacra (IceCv)
  5 yak simulacra (D:15)
  A wolf simulacrum (D:15)
  A killer bee zombie (D:9)
  2 centaur simulacra (IceCv)
  A hound skeleton (D:11)
  A howler monkey zombie (D:7)
  8 mummies (Ossuary)
  2 worker ant zombies
  6 gnolls
  A gnoll (shapeshifter) (Abyss:3)
  8 river rats (Sewer)
  19 adders
  2 naga simulacra (IceCv)
  2 ogre simulacra (IceCv)
  3 shadow imps (D:10)
  4 oozes
  An adder zombie (D:9)
  3 worms
  3 leopard geckos
  117 orcs
  A spectral bat (Abyss:3)
  A giant cockroach (D:3)
  7 goblins
  11 hobgoblins
  6 quokkas
  8 ball pythons
  8 bats
  4 frilled lizards
  A gnoll zombie (Ossuary)
  3 hobgoblin zombies (Ossuary)
  A jackal skeleton (D:6)
  27 kobolds
  3 kobold zombies (Ossuary)
  A leopard gecko skeleton (D:9)
  An orc zombie (Ossuary)
  A quokka skeleton (D:5)
  25 rats
  2 river rat simulacra (D:15)
  A briar patch (Swamp:2)
  3 crawling corpses
  5 fungi
  10 plants
  A starspawn tentacle (Abyss:3)
2206 creatures vanquished.

Vanquished Creatures (others)
  A deep elf master archer (Elf:3)
  A deep elf high priest (Elf:3)
  A centaur warrior (D:15)
  A deep elf knight (Elf:2)
  A deep elf archer (Elf:3)
  A deep elf mage (Elf:3)
  A wolf spider (Spider:4)
  2 yaktaurs (Vaults:3)
  A jumping spider (Spider:4)
  A water elemental (Depths:1)
  A wyvern (shapeshifter) (Abyss:3)
  2 humans (Spider:4)
  4 yaks (Lair:5)
  A warg (Vaults:5)
  4 centaurs
  An orc priest (Orc:2)
  An orc wizard (D:10)
  4 orcs
  2 bushes (Lair:2)
  5 fungi
  A lurking horror (Abyss:4)
  24 plants
  5 starspawn tentacles (Abyss:3)
66 creatures vanquished.

Grand Total: 2272 creatures vanquished

Notes
Turn   | Place    | Note
-------+----------+-------------------------------------------
     0 | D:1      | Peloso the Minotaur Fighter began the quest for the Orb.
     0 | D:1      | Reached XP level 1. HP: 19/19 MP: 0/0
   300 | D:1      | Reached XP level 2. HP: 27/27 MP: 1/1
   764 | D:1      | Reached skill level 4 in Shields
   888 | D:2      | Found an iron altar of Okawaru.
   905 | D:2      | Became a worshipper of Warmaster Okawaru
   932 | D:2      | Noticed Natasha
   937 | D:2      | Killed Natasha
   937 | D:2      | Reached XP level 3. HP: 24/33 MP: 2/2
  1115 | D:2      | Found a faded altar of an unknown god.
  1734 | D:3      | Noticed Natasha
  1737 | D:3      | Killed Natasha
  1737 | D:3      | Reached XP level 4. HP: 40/40 MP: 3/3
  1741 | D:3      | Reached skill level 5 in Shields
  1832 | D:3      | Noticed Natasha
  1848 | D:3      | Killed Natasha
  2006 | D:3      | Noticed Sigmund
  2014 | D:3      | Killed Sigmund
  2014 | D:3      | Reached * piety under Okawaru
  2014 | D:3      | Reached ** piety under Okawaru
  2014 | D:3      | Reached XP level 5. HP: 47/47 MP: 4/4
  2014 | D:3      | Reached XP level 6. HP: 53/53 MP: 5/5
  2145 | D:3      | Noticed Ijyb
  2162 | D:3      | Killed Ijyb
  2162 | D:3      | Reached skill level 5 in Armour
  2209 | D:3      | Found a sacrificial altar of Ru.
  2790 | D:4      | Reached skill level 5 in Long Blades
  2848 | D:4      | Found a sand-covered staircase.
  2857 | Ossuary  | Entered an ossuary
  2963 | Ossuary  | Reached skill level 6 in Shields
  3303 | D:4      | Reached XP level 7. HP: 60/60 MP: 6/6
  3619 | D:5      | Entered Level 5 of the Dungeon
  3631 | D:5      | Found a basalt altar of Yredelemnul.
  4072 | D:5      | Found a glowing golden altar of the Shining One.
  4098 | D:5      | Reached *** piety under Okawaru
  4102 | D:5      | Reached skill level 7 in Shields
  4224 | D:5      | Reached XP level 8. HP: 65/67 MP: 7/7
  4244 | D:5      | Reached skill level 5 in Fighting
  4246 | D:5      | Found a staircase to the Ecumenical Temple.
  4490 | D:5      | Found a runed door.
  4587 | D:5      | Noticed Crazy Yiuf
  4593 | D:5      | Killed Crazy Yiuf
  4786 | D:6      | Found an opulent altar of Gozag.
  4809 | D:6      | Noticed Eustachio
  4826 | D:6      | Killed Eustachio
  4826 | D:6      | Reached skill level 8 in Shields
  4902 | D:6      | Found a shadowy altar of Dithmenos.
  4953 | D:6      | Reached **** piety under Okawaru
  5002 | D:6      | Reached XP level 9. HP: 75/75 MP: 8/8
  5040 | D:6      | Found a glowing drain.
  5045 | Sewer    | Entered a sewer
  5840 | D:6      | Reached skill level 9 in Shields
  5920 | D:6      | Found a hide-covered altar of Uskayaw.
  5944 | D:6      | Found Goowkag's Magic Scroll Shoppe.
  5948 | D:6      | Bought a scroll of remove curse for 30 gold pieces
  6173 | D:7      | Reached skill level 10 in Long Blades
  6332 | D:7      | Found a stormy altar of Qazlal.
  6537 | D:7      | Noticed Dowan
  6541 | D:7      | Noticed Duvessa
  6561 | D:7      | Killed Duvessa
  6568 | D:7      | Killed Dowan
  6613 | D:7      | Reached skill level 10 in Shields
  6688 | D:8      | Found Etzom's Antique Weapon Shop.
  7076 | D:8      | Reached skill level 1 in Evocations
  7163 | D:8      | Reached ***** piety under Okawaru
  7286 | D:8      | Reached XP level 10. HP: 73/84 MP: 9/9
  7499 | D:8      | Reached skill level 11 in Shields
  7784 | D:9      | Found Kaimpyul's General Store.
  8036 | D:6      | Bought a scroll of acquirement for 520 gold pieces
  8148 | D:9      | Received a gift from Okawaru
  8312 | D:9      | Found a glowing silver altar of Zin.
  8429 | D:9      | Found a staircase to the Orcish Mines.
  8741 | D:9      | Found a shimmering altar of Xom.
  9002 | D:9      | Found a staircase to the Lair.
  9013 | D:9      | Reached skill level 12 in Shields
  9081 | D:9      | Found a shattered altar of Ashenzari.
  9207 | D:10     | Entered Level 10 of the Dungeon
  9563 | D:10     | Noticed a two-headed ogre
  9685 | D:10     | Killed a two-headed ogre
  9685 | D:10     | Reached XP level 11. HP: 95/95 MP: 7/10
 10580 | D:11     | Found a glowing golden altar of the Shining One.
 10623 | D:11     | Reached skill level 13 in Shields
 10672 | D:11     | Noticed a red ugly thing
 10680 | D:11     | Killed a red ugly thing
 10714 | D:11     | Noticed a two-headed ogre
 10727 | D:11     | Killed a two-headed ogre
 10766 | D:11     | Found a hazy altar of Hepliaklqana.
 10853 | D:11     | Killed an unseen horror
 10853 | D:11     | Reached skill level 1 in Dodging
 11308 | D:11     | Noticed a six-headed hydra
 11368 | D:12     | Noticed Erolcha
 11386 | D:12     | Killed Erolcha
 11809 | D:12     | Found a frozen archway.
 11815 | IceCv    | Entered an ice cave
 12793 | IceCv    | Reached skill level 14 in Shields
 12793 | IceCv    | Reached XP level 12. HP: 91/104 MP: 12/12
 12833 | IceCv    | Received a gift from Okawaru
 13228 | D:12     | Reached skill level 10 in Armour
 13358 | D:12     | Got a crude scale mail
 13369 | D:12     | Identified the cursed +1 scale mail "Erooneus" {rElec MR+
                  | Int-4 SInv} (You found it on level 12 of the Dungeon)
 14614 | Lair:1   | Entered Level 1 of the Lair of Beasts
 15251 | Lair:2   | Found a labyrinth entrance.
 15267 | Lab      | Entered a labyrinth
 15520 | Lab      | Noticed a minotaur
 15554 | Lab      | Killed a minotaur
 15585 | Lab      | Got a scorched plate armour
 15596 | Lab      | Identified the cursed +0 plate armour "Kaokk" {*Contam rF+
                  | rC+ Str+3 Int+3} (You took it off a minotaur in a
                  | labyrinth)
 15645 | Lab      | Gained mutation: Armour fits poorly on your strangely
                  | shaped body. [mutagenic glow]
 15911 | Lair:2   | Reached skill level 10 in Fighting
 15911 | Lair:2   | Reached skill level 1 in Invocations
 15959 | Lair:2   | Reached skill level 15 in Shields
 16172 | Lair:2   | Reached ****** piety under Okawaru
 16638 | Lair:2   | Noticed an eight-headed hydra
 16648 | Lair:2   | Received a gift from Okawaru
 16893 | Orc:1    | Entered Level 1 of the Orcish Mines
 17066 | Orc:2    | Entered Level 2 of the Orcish Mines
 17163 | Orc:2    | Noticed Rupert
 17396 | Orc:1    | Paralysed by Rupert for 2 turns
 17402 | Orc:1    | Killed Rupert
 17402 | Orc:1    | Reached XP level 13. HP: 64/113 MP: 11/13
 17415 | Orc:1    | Reached skill level 1 in Stealth
 17644 | Orc:2    | Noticed Urug
 17786 | Orc:2    | Killed Urug
 18220 | Orc:2    | Reached skill level 16 in Shields
 18451 | Orc:2    | Found a roughly hewn altar of Beogh.
 18451 | Orc:2    | Noticed an orc warlord
 18451 | Orc:2    | Noticed Snorg
 18788 | Orc:1    | Found a roughly hewn altar of Beogh.
 18910 | Orc:1    | Killed an orc warlord
 18910 | Orc:1    | Received a gift from Okawaru
 18920 | Orc:1    | Got an ichor-stained demon blade {god gift}
 18921 | Orc:1    | Identified the +1 demon blade of the Living Dead {venom,
                  | rN++ Int-4 Dex+7} (Okawaru gifted it to you on level 1 of
                  | the Orcish Mines)
 19099 | Orc:2    | Killed Snorg
 19099 | Orc:2    | Reached skill level 15 in Long Blades
 19467 | Orc:2    | Found a staircase to the Elven Halls.
 20285 | Orc:1    | Received a gift from Okawaru
 20291 | Orc:1    | Got a twisted crystal plate armour {god gift}
 20315 | Orc:1    | Identified the +13 crystal plate armour "Yrphiamo" {rF+}
                  | (Okawaru gifted it to you on level 1 of the Orcish Mines)
 20722 | Orc:2    | Found Payly's General Store.
 20722 | Orc:2    | Found Kus Baon's Antique Armour Boutique.
 20726 | Orc:2    | Found Rukegewn's Assorted Antiques.
 20726 | Orc:2    | Found Oheelum's Distillery.
 20743 | Orc:2    | Bought an ichor-stained plate armour for 784 gold pieces
 20755 | Orc:2    | Identified the cursed +0 plate armour "Ettompa" {-Tele
                  | Str+4 Int+4 Dex+5} (You bought it in a shop on level 2 of
                  | the Orcish Mines)
 20783 | Orc:2    | Bought a scroll of remove curse for 51 gold pieces
 20783 | Orc:2    | Bought a scroll of magic mapping for 59 gold pieces
 20964 | Orc:2    | Reached XP level 14. HP: 126/126 MP: 14/14
 21733 | D:11     | Reached skill level 17 in Shields
 22544 | D:14     | Found a gate to the Vaults.
 23455 | D:14     | Noticed Louise
 23469 | D:14     | Killed Louise
 23469 | D:14     | Received a gift from Okawaru
 23505 | D:14     | Got an ichor-stained large shield
 23511 | D:14     | Identified the cursed -10 large shield "Duesojuci" {rPois
                  | rCorr} (You took it off Louise on level 14 of the Dungeon)
 24762 | Lair:3   | Reached skill level 1 in Axes
 25358 | Lair:4   | Found a staircase to the Swamp.
 25394 | Lair:4   | Reached skill level 18 in Shields
 26119 | Lair:4   | Found a hole to the Spider Nest.
 26287 | Lair:4   | Noticed Sonja
 26299 | Lair:4   | Killed Sonja
 26300 | Lair:4   | Reached XP level 15. HP: 115/136 MP: 15/15
 26593 | Lair:5   | Received a gift from Okawaru
 26603 | Lair:5   | Got an ancient large shield {god gift}
 26619 | Lair:5   | Identified the +8 large shield "Qoboec" {rC+ rN+ MR- rCorr}
                  | (Okawaru gifted it to you on level 5 of the Lair of Beasts)
 26621 | Lair:5   | Found a staircase to the Slime Pits.
 27478 | Lair:6   | Entered Level 6 of the Lair of Beasts
 27875 | Lair:6   | Reached skill level 19 in Shields
 28216 | Lair:6   | Received a gift from Okawaru
 28699 | Lair:6   | Found a runed door.
 29699 | D:15     | Entered Level 15 of the Dungeon
 29750 | D:15     | Noticed Josephine
 29767 | D:15     | Received a gift from Okawaru
 29773 | D:15     | Killed Josephine
 30207 | D:15     | Noticed a fire giant
 30223 | D:15     | Killed a fire giant
 30301 | D:15     | Found a staircase to the Depths.
 30384 | D:15     | Reached skill level 20 in Shields
 30416 | D:15     | Found a runed gate.
 30418 | D:15     | Found a runed gate.
 30419 | D:15     | Found a runed gate.
 30419 | D:15     | Noticed Jaim's ghost (journeyman MiBe)
 30452 | D:15     | Reached XP level 16. HP: 136/147 MP: 14/16
 30497 | D:15     | Killed Jaim's ghost
 30511 | D:15     | Got a bone scimitar
 30512 | D:15     | Identified the +8 scimitar of the Shore {slice, +Inv rPois
                  | MR+ Int+3} (You found it on level 15 of the Dungeon)
 30735 | D:15     | Received a gift from Okawaru
 30743 | D:15     | Got a translucent falchion {god gift}
 30831 | D:15     | Identified the +10 falchion "Evvosil" {flame, rElec MR+
                  | Dex+3} (Okawaru gifted it to you on level 15 of the
                  | Dungeon)
 31504 | Swamp:1  | Entered Level 1 of the Swamp
 31672 | Swamp:1  | Noticed Frances
 31698 | Swamp:1  | Killed Frances
 31871 | Swamp:1  | Reached skill level 15 in Fighting
 32207 | Swamp:1  | Noticed Nikola
 32238 | Swamp:1  | Killed Nikola
 32238 | Swamp:1  | Received a gift from Okawaru
 32488 | Swamp:2  | Reached skill level 21 in Shields
 32494 | Swamp:2  | Noticed a thorn hunter
 32508 | Swamp:2  | Killed a thorn hunter
 32661 | Swamp:2  | Got an encrusted battleaxe
 33042 | Swamp:3  | Found a transporter.
 33042 | Swamp:3  | Noticed yann's ghost (adept KoCK)
 33049 | Swamp:3  | Found a transporter.
 33765 | Swamp:3  | Killed yann's ghost
 33772 | Swamp:3  | Received a gift from Okawaru
 34072 | Swamp:4  | Entered Level 4 of the Swamp
 34650 | Swamp:4  | Reached XP level 17. HP: 153/156 MP: 17/17
 34689 | Swamp:4  | Noticed the 27-headed Lernaean hydra
 34707 | Swamp:4  | Killed the 24-headed Lernaean hydra
 34707 | Swamp:4  | Reached skill level 22 in Shields
 34707 | Swamp:4  | HP: 7/234 [eight-headed hydra (8)]
 34710 | Swamp:4  | HP: 2/234 [eight-headed hydra (5)]
 35159 | Swamp:4  | Got a decaying rune of Zot
 35594 | Spider:1 | Entered Level 1 of the Spider Nest
 35651 | Spider:1 | Reached skill level 15 in Armour
 35717 | Spider:1 | Received a gift from Okawaru
 35737 | Spider:1 | Got a pitted crystal plate armour {god gift}
 35748 | Spider:1 | Identified the +6 crystal plate armour "Bekor" {+Inv rElec
                  | rC+ Dex-3} (Okawaru gifted it to you on level 1 of the
                  | Spider Nest)
 37230 | Spider:2 | Reached skill level 23 in Shields
 38225 | Spider:3 | Received a gift from Okawaru
 38493 | Spider:3 | Reached XP level 18. HP: 149/166 MP: 18/18
 39174 | Spider:4 | Entered Level 4 of the Spider Nest
 39304 | Spider:4 | Noticed Roxanne
 39707 | Spider:3 | Reached skill level 24 in Shields
 39868 | Spider:4 | Received a gift from Okawaru
 40336 | Spider:4 | Noticed Kirke
 40519 | Spider:4 | Killed Kirke
 40889 | Spider:4 | Noticed Agnes
 40907 | Spider:4 | Killed Agnes
 41342 | Spider:4 | Got a gossamer rune of Zot
 42309 | Spider:4 | Killed Roxanne
 42702 | Elf:1    | Entered Level 1 of the Elven Halls
 42775 | Elf:1    | Found a radiant altar of Vehumet.
 42907 | Elf:1    | Received a gift from Okawaru
 42922 | Elf:1    | Got a faintly glowing crystal plate armour {god gift}
 42977 | Elf:1    | Identified the +9 crystal plate armour "Kerasuill" {rElec
                  | SInv} (Okawaru gifted it to you on level 1 of the Elven
                  | Halls)
 43329 | Elf:1    | Reached skill level 25 in Shields
 43480 | Elf:1    | Got an encrusted hat
 43491 | Elf:1    | Identified the cursed -1 hat "Voyx" {MR+ Str+2} (You found
                  | it on level 1 of the Elven Halls)
 43627 | Elf:2    | Found a deep blue altar of Sif Muna.
 43736 | Elf:2    | Noticed a Tzitzimitl
 43754 | Elf:2    | Identified the Volume of Creation
 43769 | Elf:2    | Identified Cykh's Collected Works on Calling
 43815 | Elf:2    | Reached XP level 19. HP: 142/174 MP: 19/19
 43992 | Elf:2    | Got a faintly glowing long sword
 43993 | Elf:2    | Identified the +6 long sword "Fetocs" {elec, *Contam rC+
                  | Int+2} (You found it on level 2 of the Elven Halls)
 44069 | Elf:2    | Found Acestril's Gadget Emporium.
 44375 | Elf:2    | Found a huge runed gate.
 44375 | Elf:2    | Found a huge runed gate.
 44375 | Elf:2    | Found a huge runed gate.
 44375 | Elf:2    | Found a huge runed gate.
 44375 | Elf:2    | Found a huge runed gate.
 45229 | Elf:2    | Received a gift from Okawaru
 45420 | Elf:2    | Received a gift from Okawaru
 45640 | Elf:3    | Entered Level 3 of the Elven Halls
 45773 | Elf:3    | Found a deep blue altar of Sif Muna.
 46035 | Elf:3    | Received a gift from Okawaru
 46035 | Elf:3    | Reached skill level 26 in Shields
 46383 | Elf:3    | Noticed a Tzitzimitl
 47445 | Elf:3    | Reached XP level 20. HP: 160/184 MP: 20/20
 47657 | Elf:3    | Got a glittering granite ring
 47722 | Elf:3    | Identified the ring of the Catfish {rN+ Int+2 Slay+2} (You
                  | took it off a deep elf elementalist on level 3 of the Elven
                  | Halls)
 48255 | Vaults:1 | Entered Level 1 of the Vaults
 48318 | Vaults:1 | Received a gift from Okawaru
 48660 | Vaults:1 | Received a gift from Okawaru
 48761 | Vaults:1 | Reached skill level 27 in Shields
 49666 | Vaults:2 | Found a staircase to the Crypt.
 50163 | Vaults:2 | Noticed Jory
 50170 | Vaults:2 | Killed Jory
 50191 | Vaults:2 | Found a portal to a secret trove of treasure.
 50682 | Vaults:2 | Received a gift from Okawaru
 50693 | Vaults:2 | Got a jewelled scale mail {god gift}
 51214 | Vaults:3 | Found a runed gate.
 51215 | Vaults:3 | Found a runed gate.
 51215 | Vaults:3 | Noticed Azzok's ghost (adept DsFi)
 51216 | Vaults:3 | Found a runed gate.
 51728 | Vaults:3 | Reached XP level 21. HP: 198/198 MP: 21/21
 52120 | Vaults:3 | Identified the +2 scale mail "Dyva" {rElec Int+4} (Okawaru
                  | gifted it to you on level 2 of the Vaults)
 52329 | Vaults:3 | Cast into level 2 of the Abyss (a deep elf sorcerer)
 52329 | Abyss:2  | Found a corrupted altar of Lugonu.
 52404 | Abyss:2  | Paralysed by accursed screaming for 1 turns
 52417 | Vaults:3 | Escaped the Abyss
 52786 | Vaults:3 | Found a hazy altar of Hepliaklqana.
 52865 | Vaults:3 | Received a gift from Okawaru
 53714 | Vaults:3 | Killed Azzok's ghost
 53855 | Vaults:4 | Received a gift from Okawaru
 54919 | Vaults:4 | Noticed Saint Roka
 54944 | Vaults:4 | Killed Saint Roka
 55232 | Vaults:4 | Received a gift from Okawaru
 55363 | Vaults:4 | Reached XP level 22. HP: 211/211 MP: 22/22
 56107 | Vaults:5 | Entered Level 5 of the Vaults
 56485 | Vaults:5 | Received a gift from Okawaru
 57458 | Vaults:5 | Got a bloodstained cloak {god gift}
 57484 | Vaults:4 | Identified the -1 cloak of Immorality {rElec rC++ Slay-3
                  | Stlth+} (Okawaru gifted it to you on level 5 of the Vaults)
 58277 | Vaults:5 | Received a gift from Okawaru
 58597 | Vaults:5 | Cast into level 3 of the Abyss (a deep elf sorcerer)
 58751 | Abyss:3  | Gained mutation: Your body sometimes deteriorates upon
                  | taking damage. [a cacodemon]
 58945 | Abyss:3  | Paralysed by accursed screaming for 1 turns
 59343 | Abyss:4  | Received a gift from Okawaru
 59346 | Abyss:4  | Got a crude scimitar {god gift}
 59497 | Vaults:5 | Escaped the Abyss
 59690 | Vaults:5 | Reached XP level 23. HP: 212/224 MP: 23/23
 60457 | Vaults:4 | Received a gift from Okawaru
 61193 | Vaults:5 | Identified Sif Muna's Grimoire of the Secret Curses
 61268 | Vaults:5 | Got an ancient lapis lazuli ring
 61281 | Vaults:5 | Identified the Collected Works on Evil Cold
 61363 | Vaults:5 | Identified Nubesky's Grimoire of the Doomed Rocks
 61371 | Vaults:5 | Got a silver rune of Zot
 61378 | Vaults:5 | Identified the Papyrus of the Volcanoes and Calling
 62680 | Lair:1   | Identified the +9 scimitar of Moafoife {slice, *Slow rPois
                  | Int+5} (Okawaru gifted it to you on level 4 of the Abyss)
 62702 | Lair:1   | Identified the ring "Hurol" {MP+9 Str+4 Dex+4} (You took it
                  | off a deep elf high priest on level 5 of the Vaults)
 62976 | Depths:1 | Entered Level 1 of the Depths
 64082 | D:15     | Received a gift from Okawaru
 64297 | Depths:1 | Found a gateway to a ziggurat.
 64306 | Depths:1 | Identified the Grimoire of the Displaced Volcanoes
 64717 | Depths:1 | Found a gateway to Hell.
 65015 | Depths:2 | Reached XP level 24. HP: 223/237 MP: 23/23
 65749 | Depths:2 | Lost intelligence.
 65819 | Depths:2 | Received a gift from Okawaru
 65824 | Depths:2 | Got a fine falchion {god gift}
 66473 | Depths:2 | Got a pitted chain mail
 67286 | Lair:1   | Identified the +0 chain mail of Gidiruj {*Contam rCorr
                  | Str+2} (You found it on level 2 of the Depths)
 67339 | Lair:1   | Identified the +3 falchion of Premature Burial {slice,
                  | *Noise rC+ rN+} (Okawaru gifted it to you on level 2 of the
                  | Depths)
 68015 | Depths:3 | HP: 11/253 [deep troll shaman (6)]
 68015 | Depths:3 | HP: 2/253 [deep troll (9)]
 68015 | Depths:3 | Mangled by a deep troll

Skill      XL: |  1  2  3  4  5  6  7  8  9 10 11 12 13 14 15 16 17 18 19 20 21 22 23 24 |
---------------+-------------------------------------------------------------------------+-----
Armour         | 4 5 6 7 8 9 11 12 13 14 15 16 17 18 19 20 | 20.6
Fighting       | 4 6 8 9 10 12 13 14 15 16 17 19 20 22 23 24 | 24.2
Shields        | 4 5 6 7 8 10 12 14 15 16 18 20 21 23 25 26 27 | 27.0
Long Blades    | 4 5 7 9 10 12 13 14 15 16 17 18 19 20 21 22 24 | 24.5
Evocations     | 1 2 |  2.4
Dodging        | 1 2 |  2.5
Invocations    | 1 2 |  2.3
Stealth        | 1 2 |  2.6
Axes           | 1 |  1.8

Action                   |  1- 3 |  4- 6 |  7- 9 | 10-12 | 13-15 | 16-18 | 19-21 | 22-24 || total
-------------------------+-------+-------+-------+-------+-------+-------+-------+-------++-------
Melee: Long sword        |    91 |   140 |   564 |   782 |   190 |       |    91 |       ||  1858
       Headbutt          |     9 |    24 |   110 |   293 |   577 |   685 |   692 |   605 ||  2995
       Falchion          |       |       |       |   470 |    21 |  2081 |   979 |   284 ||  3835
       Demon blade       |       |       |       |       |  1390 |    30 |       |       ||  1420
       Double sword      |       |       |       |       |    18 |     5 |  1001 |  1286 ||  2310
       Hand axe          |       |       |       |       |    22 |       |       |       ||    22
       Scimitar          |       |       |       |       |     9 |    73 |       |       ||    82
       Lajatang          |       |       |       |       |       |       |       |     1 ||     1
Invok: Heroism           |       |       |       |    12 |     5 |     3 |     2 |     2 ||    24
       Finesse           |       |       |       |     1 |       |     1 |     1 |       ||     3
Evoke: Wand              |       |       |     2 |    11 |     5 |    16 |     5 |     2 ||    41
  Use: Potion            |     2 |     1 |       |     3 |       |     6 |     2 |     4 ||    18
       Scroll            |       |     9 |     8 |    14 |     9 |     7 |    14 |     9 ||    70
 Stab: Distracted        |       |       |       |       |     1 |       |       |       ||     1
       Confused          |       |       |       |       |       |     3 |       |       ||     3
       Held in net/web   |       |       |       |       |       |     2 |       |       ||     2
       Invisible         |       |       |       |       |       |       |     2 |       ||     2
       Sleeping          |       |       |       |       |       |       |       |     1 ||     1
  Eat: Chunk             |     1 |     3 |    14 |    23 |    39 |    47 |   142 |    48 ||   317
       Ration            |       |     1 |       |     4 |     1 |     4 |       |     4 ||    14
Armor: Plate armour      |    70 |    56 |   233 |   354 |    74 |       |       |       ||   787
       Scale mail        |       |       |       |    33 |       |       |       |       ||    33
       Crystal plate arm |       |       |       |       |   578 |   977 |   505 |   895 ||  2955
Dodge: Dodged            |    13 |    37 |   121 |   201 |   200 |   276 |   212 |   309 ||  1369
Block: Shield            |    62 |    93 |   455 |   939 |   736 |       |       |       ||  2285
       Reflection        |       |     1 |    21 |    13 |     3 |    44 |    64 |       ||   146
       Large shield      |       |       |       |       |   711 |  3253 |  2787 |  2847 ||  9598
       Rpst.: Long sword |     3 |     9 |    28 |    30 |     7 |       |     1 |       ||    78
       Falchion          |       |       |       |    19 |       |    37 |     8 |    11 ||    75
       Demon blade       |       |       |       |       |    37 |       |       |       ||    37
       Double sword      |       |       |       |       |       |       |    21 |    29 ||    50
